 Dungeon Crawl Stone Soup version 0.29.1-2-gbd0b4ee654 (webtiles) character file.

Game seed: 598986045515881735

18 zermelo the Stinger (level 2, -1/19 HPs)
             Began as a Formicid Venom Mage on Nov 30, 2022.
             Slain by an adder (2 damage)
             ... on level 1 of the Dungeon.
             The game lasted 00:06:38 (1758 turns).

zermelo the Stinger (Formicid Venom Mage)           Turns: 1758, Time: 00:06:39

Health: -1/19      AC:  7    Str: 12    XL:     2   Next: 85%
Magic:  5/5        EV:  9    Int: 14    God:
Gold:   30         SH:  0    Dex: 14    Spells: 4/5 levels left

rFire   . . .      SeeInvis +   e - +0 club
rCold   . . .      Faith    .   (no shield)
rNeg    . . .      Spirit   .   g - +0 scale mail
rPois   .          Reflect  .   (helmet unavailable)
rElec   .          Harm     .   (no cloak)
rCorr   .          Rampage  .   d - +0 pair of gloves
Will    .....                   (no boots)
Stlth   +.........              (no amulet)
HPRegen 0.06/turn               (no ring)
MPRegen 0.09/turn               (no ring)

@: no status effects
A: permanent stasis, dig shafts and tunnels, antennae 3, four strong arms
a: Dig, Shaft Self


You were on level 1 of the Dungeon.
You visited 1 branch of the dungeon, and saw 2 of its levels.

You collected 30 gold pieces.

Inventory:

Hand Weapons
 e - a +0 club (weapon)
Missiles
 n - 9 stones
Armour
 d - a +0 pair of gloves (worn)
 g - a +0 scale mail (worn)
Scrolls
 a - a scroll of silence {unknown}
 c - 2 scrolls of identify {unknown}
 f - a scroll of poison {unknown}
 h - a scroll of amnesia {unknown}
 l - a scroll of teleportation {unknown}
Potions
 b - a potion of magic
 i - a potion of haste {unknown}
 j - a potion of curing {unknown}
 k - 2 potions of degeneration {unknown}
 m - a potion of flight {unknown}
 o - a potion of might {unknown}
 p - a potion of cancellation {unknown}


   Skills:
 + Level 1.5 Axes
 - Level 1.8 Dodging
 - Level 3.0 Stealth
 - Level 2.2 Spellcasting
 - Level 1.1 Transmutations
 - Level 4.0 Poison Magic


You had 4 spell levels left.
You knew the following spells:

 Your Spells              Type           Power      Damage    Failure   Level
a - Sting                 Tmut/Pois      32%        1d4       41%         1

Your spell library contained the following spells:

 Spells                   Type           Power      Damage    Failure   Level
 Poisonous Vapours        Pois/Air       14%        N/A       63%         2
 Mephitic Cloud           Conj/Pois/Air  5%         N/A       92%         3
 Olgreb's Toxic Radiance  Pois           12%        N/A       94%         4


Dungeon Overview and Level Annotations

Branches:
Dungeon (2/15)

Altars:


Innate Abilities, Weirdness & Mutations

You cannot be hasted, slowed, berserked, paralysed or teleported.
You can dig through walls and to a lower floor.
You have a pair of large antennae on your head. (SInv)
Your four strong arms can wield two-handed weapons with a shield.


Message History

You closely miss the adder.
The adder is lightly wounded.
The adder closely misses you. The adder barely misses you.
You closely miss the adder.
The adder is lightly wounded.
The adder bites you.
* * * LOW HITPOINT WARNING * * *
The adder bites you but does no damage. The adder attacks as you move away!
The adder bites you but does no damage. The adder attacks as you move away!
The adder bites you but does no damage. The adder barely misses you.
The adder attacks as you move away! The adder bites you but does no damage.
The adder completely misses you. The adder attacks as you move away!
The adder bites you.
* * * LOW HITPOINT WARNING * * *
The adder attacks as you move away! The adder bites you.
* * * LOW HITPOINT WARNING * * *
The adder attacks as you move away! The adder bites you.
* * * LOW HITPOINT WARNING * * *
The adder barely misses you.
There is a stone staircase leading up here.
The adder bites you but does no damage.
You climb upwards.
There is a stone staircase leading down here.
The adder barely misses you.
You hit the adder but do no damage. The adder closely misses you.
You miss the adder.
The adder bites you but does no damage. x2
You hit the adder.
The adder is lightly wounded.
The adder bites you but does no damage.
You hit the adder.
The adder is heavily wounded.
The adder closely misses you. x2
You hit the adder.
The adder is severely wounded.
The adder bites you but does no damage.
You barely miss the adder.
The adder is severely wounded.
The adder bites you but does no damage. The adder bites you.
You die...

.###### ##.......# ......##
#..#####.# .#.....##########.##
#.# ....#.............# #.#
.#..#.............# #.#
.#..#.............# #.#
.#..#.............######.########
.#..#...........S>'.............#
.#..#...........@.##..#.#######.#
.#..#.............##......#.[.#†#
.#..#...........).##..#...#.#.#b#
.#..#.............##..#.....#.#.#
.#..#.............##......#.#÷#.#
.####.............##.#....###.#.#
......##############.##.........#
####### #.##...###.### #.##.###
#.#


You could see an adder.

Vanquished Creatures
  An endoplasm (D:1)
  3 giant cockroaches (D:1)
  2 hobgoblins (D:1)
  2 kobolds (D:1)
  A quokka (D:1)
  3 ball pythons (D:1)
  3 bats
  A frilled lizard (D:1)
16 creatures vanquished.

Notes
Turn   | Place    | Note
-------+----------+-------------------------------------------
     0 | D:1      | zermelo the Formicid Venom Mage began the quest for the
                  | Orb.
     0 | D:1      | Reached XP level 1. HP: 13/13 MP: 3/3
   857 | D:1      | Reached XP level 2. HP: 7/19 MP: 5/5
  1133 | D:1      | Reached skill level 1 in Axes
  1758 | D:1      | Slain by an adder

Illustrated notes

Levels and vault maps discovered:
D:1:      dpeg_arrival_round_c, layout_basic
D:2:      layout_basic, ebering_ecumenical_altar_webs, uniq_crazy_yiuf_cottage,
          uniq_terence

Skill      XL: |  1  2 |
---------------+-------+-----
Stealth        | 3 |  3.0
Axes           | 1 |  1.5
Dodging        | |  1.8
Spellcasting   | |  2.2
Transmutations | |  1.1
Poison Magic   | |  4.0

Action                   || total
-------------------------++-------
Melee: Unarmed           ||    41
       Club              ||    69
       Punch             ||     1
Armor: Robe              ||    15
       Scale mail        ||    43
Dodge: Dodged            ||   112
